cohdb
Replays
Latest Replays
All Replays
Popular Replays
Top Player Replays
Match Explorer
How It Works
Community
CoH3 Stats
Reddit
Sign in to upload your games and track your stats! →
Sign in with Steam
Match 46361943
Unlisted
Match 46361943
Overview
Messages
Build Orders
End
Selects Italian Coastal Battlegroup
Selects Coastal Reserves
Coastal Reserve
Construct Infanterie Kompanie
Grenadier Squad
MG 42 Machine Gun Team
Selects Designate Defensive Line
Construct Panzergrenadier Kompanie
Medical Station
Panzergrenadier Squad
Designate Defensive Line
Panzergrenadier Squad
Selects Rapid Fortifications
Panzergrenadier Officer Quarters
Rapid Fortifications
MG 42 Bunker
Construct Panzer Kompanie
Rapid Fortifications
Selects Call the Reserves!
Designate Defensive Line
Selects Artillery Officer
Artillery Officer
Medical Bunker
CAuMOH
✠Kaiser✠ tushkan
Nes_Nad
ArmedToad
0
0
Comments
sign in to comment!
No comments posted yet!